[ AOE2 MATCH · #463515041 ]
Team RMKhitans vs Romans
[ REPLAY ANALYSIS · EXTRACTED FROM THE RECORDED GAME ]
Feudal
12:25
Castle
16:20
Imperial
34:24
| APM avg | 23.1 |
| APM peak | 67 |
| eAPM avg | 13.3 |
| Villagers / military | 130 / 135 |
Focus
⚔️ 15.8% · 🌾 84.2%
Steppe Lancer ×131 · Trade Cart ×21 · Trebuchet (Packed) ×4
Feudal
—
Castle
—
Imperial
—
| APM avg | 13.8 |
| APM peak | 36 |
| eAPM avg | 11.1 |
| Villagers / military | 99 / 60 |
Focus
⚔️ 23.7% · 🌾 76.3%
Skirmisher ×47 · Trade Cart ×7 · Bombard Cannon ×7 · Monk ×3 · Conquistador ×2 · Missionary ×1
Feudal
12:57
Castle
18:32
Imperial
35:02
| APM avg | 16.4 |
| APM peak | 46 |
| eAPM avg | 15.5 |
| Villagers / military | 105 / 232 |
Focus
⚔️ 45.0% · 🌾 55.0%
Militia ×170 · Scorpion ×31 · Spearman ×20 · Trebuchet (Packed) ×8 · Trade Cart ×7 · Centurion ×2
Feudal
17:28
Castle
31:38
Imperial
45:26
| APM avg | 17.0 |
| APM peak | 46 |
| eAPM avg | 10.8 |
| Villagers / military | 74 / 49 |
Focus
⚔️ 24.4% · 🌾 75.6%
Militia ×31 · Trade Cart ×20 · Woad Raider ×18
Feudal
—
Castle
—
Imperial
—
| APM avg | 1.0 |
| APM peak | 17 |
| eAPM avg | 0.8 |
| Villagers / military | 11 / 0 |
Focus
⚔️ 0.0% · 🌾 100.0%
Feudal
13:49
Castle
31:42
Imperial
—
| APM avg | 19.5 |
| APM peak | 66 |
| eAPM avg | 12.5 |
| Villagers / military | 86 / 50 |
Focus
⚔️ 27.2% · 🌾 72.8%
Militia ×33 · Monk ×9 · Skirmisher ×5 · Mangonel ×3
Feudal
12:16
Castle
15:55
Imperial
29:57
| APM avg | 20.3 |
| APM peak | 50 |
| eAPM avg | 14.6 |
| Villagers / military | 143 / 319 |
Focus
⚔️ 33.3% · 🌾 66.7%
Berserk ×253 · Battering Ram ×64 · Trade Cart ×13 · Monk ×2
Feudal
15:14
Castle
19:57
Imperial
24:53
| APM avg | 16.5 |
| APM peak | 54 |
| eAPM avg | 9.7 |
| Villagers / military | 81 / 70 |
Focus
⚔️ 16.6% · 🌾 83.4%
Hand Cannoneer ×63 · Bombard Cannon ×7
Match map
Resources at game start + every placement click. Thick line = wall · dashed box = detected house wall. 🟡 gold · ⚪ stone · 🟢 berries · 🔶 boar · ⭕ relic
Inputs per minute
— Sop@11 - - SeventhDrip9
Build order — Sop@11
First 150 of 337 actions detected
| 0:01 | Create | Villager (Male) |
| 0:01 | Create | Villager (Male) |
| 0:02 | Create | Villager (Male) |
| 0:04 | Build | House |
| 0:06 | Build | House |
| 0:10 | Create | Villager (Male) |
| 0:11 | Create | Villager (Male) |
| 1:25 | Create | Villager (Male) |
| 1:25 | Create | Villager (Male) |
| 1:52 | Build | Lumber Camp |
| 1:59 | Create | Villager (Male) |
| 1:59 | Create | Villager (Male) |
| 2:23 | Create | Villager (Male) |
| 2:24 | Create | Villager (Male) |
| 2:53 | Create | Villager (Male) |
| 2:53 | Create | Villager (Male) |
| 3:11 | Create | Villager (Male) |
| 3:11 | Create | Villager (Male) |
| 3:40 | Create | Villager (Male) |
| 3:40 | Create | Villager (Male) |
| 3:51 | Build | House |
| 3:52 | Build | House |
| 4:09 | Create | Villager (Male) |
| 4:09 | Create | Villager (Male) |
| 4:26 | Build | Mill |
| 4:38 | Create | Villager (Male) |
| 4:38 | Create | Villager (Male) |
| 4:38 | Create | Villager (Male) |
| 5:50 | Create | Villager (Male) |
| 5:50 | Create | Villager (Male) |
| 6:11 | Create | Villager (Male) |
| 6:11 | Create | Villager (Male) |
| 6:12 | Create | Villager (Male) |
| 7:27 | Build | Lumber Camp |
| 7:31 | Create | Villager (Male) |
| 7:31 | Create | Villager (Male) |
| 8:12 | Create | Villager (Male) |
| 8:26 | Build | House |
| 9:00 | Create | Villager (Male) |
| 9:00 | Create | Villager (Male) |
| 9:00 | Create | Villager (Male) |
| 9:23 | Build | Pasture |
| 9:34 | Build | Pasture |
| 9:48 | Build | Mining Camp |
| 9:51 | Research | Feudal Age |
| 10:14 | Build | Pasture |
| 10:26 | Build | Pasture |
| 10:35 | Create | Villager (Male) |
| 10:36 | Create | Villager (Male) |
| 12:25 | Age | Feudal Age |
| 12:28 | Build | Market |
| 12:33 | Build | Blacksmith |
| 12:40 | Research | Double-Bit Axe |
| 12:50 | Research | Tech 1014 |
| 12:58 | Build | Pasture |
| 13:15 | Research | Loom |
| 13:28 | Research | Castle Age |
| 13:28 | Research | Castle Age |
| 14:42 | Build | Mining Camp |
| 15:11 | Build | House |
| 15:19 | Build | House |
| 15:21 | Build | House |
| 15:23 | Build | House |
| 15:24 | Build | House |
| 15:25 | Build | House |
| 15:26 | Build | House |
| 15:26 | Build | House |
| 15:27 | Build | House |
| 15:30 | Create | Villager (Male) |
| 15:30 | Create | Villager (Male) |
| 15:30 | Create | Villager (Male) |
| 15:35 | Build | Pasture |
| 15:42 | Build | Pasture |
| 15:47 | Create | Villager (Male) |
| 16:20 | Age | Castle Age |
| 16:26 | Build | Town Center |
| 16:33 | Create | Villager (Male) |
| 16:33 | Create | Villager (Male) |
| 16:33 | Create | Villager (Male) |
| 17:01 | Build | Town Center |
| 17:26 | Build | House |
| 17:26 | Build | House |
| 17:27 | Build | House |
| 17:52 | Create | Villager (Male) |
| 17:52 | Create | Villager (Male) |
| 17:52 | Create | Villager (Male) |
| 18:20 | Build | House |
| 18:30 | Build | House |
| 18:41 | Create | Villager (Male) |
| 19:08 | Build | Town Center |
| 19:31 | Build | Pasture |
| 19:33 | Create | Villager (Male) |
| 19:33 | Create | Villager (Male) |
| 19:34 | Create | Villager (Male) |
| 19:41 | Build | House |
| 19:43 | Build | House |
| 19:44 | Build | House |
| 19:47 | Create | Villager (Male) |
| 19:47 | Create | Villager (Male) |
| 19:52 | Create | Villager (Male) |
| 19:52 | Create | Villager (Male) |
| 19:52 | Create | Villager (Male) |
| 19:55 | Create | Villager (Male) |
| 19:58 | Research | Bow Saw |
| 20:17 | Create | Villager (Male) |
| 20:19 | Create | Villager (Male) |
| 20:21 | Create | Villager (Male) |
| 20:26 | Create | Villager (Male) |
| 20:38 | Create | Villager (Male) |
| 20:38 | Create | Villager (Male) |
| 20:38 | Create | Villager (Male) |
| 20:46 | Create | Villager (Male) |
| 20:47 | Create | Villager (Male) |
| 20:51 | Create | Villager (Male) |
| 20:52 | Create | Villager (Male) |
| 20:57 | Create | Villager (Male) |
| 21:00 | Build | House |
| 21:01 | Build | House |
| 21:01 | Build | House |
| 21:01 | Build | House |
| 21:01 | Build | House |
| 21:01 | Build | House |
| 21:14 | Build | Barracks |
| 22:08 | Create | Villager (Male) |
| 22:08 | Create | Villager (Male) |
| 22:09 | Create | Villager (Male) |
| 22:11 | Create | Villager (Male) |
| 22:12 | Create | Villager (Male) |
| 22:12 | Create | Villager (Male) |
| 22:15 | Create | Villager (Male) |
| 22:19 | Research | Gold Mining |
| 22:34 | Build | Pasture |
| 22:37 | Build | Pasture |
| 22:40 | Build | Pasture |
| 22:52 | Build | Pasture |
| 22:56 | Build | Pasture |
| 23:00 | Create | Villager (Male) |
| 23:00 | Create | Villager (Male) |
| 23:00 | Create | Villager (Male) |
| 23:07 | Build | House |
| 23:08 | Build | House |
| 23:08 | Build | House |
| 23:08 | Build | House |
| 23:08 | Build | House |
| 23:09 | Build | House |
| 23:09 | Build | House |
| 23:16 | Research | Scale Barding Armor |
| 23:22 | Create | Villager (Male) |
| 23:22 | Create | Villager (Male) |
| 23:32 | Create | Villager (Male) |
Build order — SeventhDrip9
First 150 of 302 actions detected
| 0:02 | Create | Villager (Male) |
| 0:02 | Create | Villager (Male) |
| 0:03 | Create | Villager (Male) |
| 0:03 | Create | Villager (Male) |
| 0:07 | Build | House |
| 0:08 | Build | House |
| 0:14 | Research | Loom |
| 0:14 | Create | Villager (Male) |
| 0:15 | Create | Villager (Male) |
| 0:15 | Create | Villager (Male) |
| 0:15 | Create | Villager (Male) |
| 3:11 | Build | Palisade Wall |
| 3:20 | Create | Villager (Male) |
| 3:20 | Create | Villager (Male) |
| 5:04 | Build | Lumber Camp |
| 5:22 | Create | Villager (Male) |
| 5:22 | Create | Villager (Male) |
| 5:34 | Create | Villager (Male) |
| 6:05 | Create | Villager (Male) |
| 6:25 | Build | House |
| 6:43 | Create | Villager (Male) |
| 6:55 | Create | Villager (Male) |
| 6:55 | Create | Villager (Male) |
| 7:20 | Create | Villager (Male) |
| 7:37 | Build | Mill |
| 7:52 | Create | Villager (Male) |
| 8:25 | Create | Villager (Male) |
| 8:46 | Create | Villager (Male) |
| 8:50 | Create | Villager (Male) |
| 8:58 | Build | Mill |
| 9:16 | Build | House |
| 9:40 | Create | Villager (Male) |
| 9:40 | Create | Villager (Male) |
| 10:21 | Create | Villager (Male) |
| 10:36 | Build | Mining Camp |
| 11:05 | Create | Villager (Male) |
| 11:30 | Research | Feudal Age |
| 11:50 | Build | Mining Camp |
| 12:57 | Create | Villager (Male) |
| 12:58 | Create | Villager (Male) |
| 13:12 | Build | Lumber Camp |
| 14:02 | Create | Villager (Male) |
| 14:28 | Build | Watch Tower |
| 14:38 | Create | Villager (Male) |
| 14:57 | Build | House |
| 15:09 | Build | House |
| 15:25 | Build | House |
| 15:30 | Create | Villager (Male) |
| 15:38 | Build | Farm |
| 15:40 | Build | Farm |
| 16:00 | Create | Villager (Male) |
| 16:14 | Build | Stone Wall |
| 16:16 | Build | Stone Wall |
| 16:23 | Build | Building 673 |
| 16:41 | Build | Market |
| 17:40 | Build | Blacksmith |
| 17:52 | Research | Castle Age |
| 18:07 | Build | Farm |
| 18:29 | Build | Farm |
| 18:35 | Research | Double-Bit Axe |
| 20:25 | Create | Villager (Male) |
| 20:25 | Create | Villager (Male) |
| 20:50 | Build | Castle |
| 20:59 | Create | Villager (Male) |
| 21:05 | Build | Farm |
| 21:30 | Build | Farm |
| 21:32 | Create | Villager (Male) |
| 22:16 | Build | Farm |
| 22:20 | Build | Farm |
| 22:22 | Create | Villager (Male) |
| 22:38 | Build | Town Center |
| 22:41 | Create | Villager (Male) |
| 22:59 | Build | Farm |
| 23:06 | Create | Conquistador |
| 23:15 | Build | Monastery |
| 23:20 | Create | Villager (Male) |
| 23:22 | Build | Farm |
| 23:24 | Create | Villager (Male) |
| 23:58 | Create | Conquistador |
| 24:03 | Create | Monk |
| 24:08 | Create | Villager (Male) |
| 24:20 | Create | Villager (Male) |
| 24:40 | Research | Horse Collar |
| 24:45 | Create | Villager (Male) |
| 24:47 | Create | Villager (Male) |
| 25:17 | Build | Farm |
| 25:37 | Create | Villager (Male) |
| 25:43 | Build | Farm |
| 25:45 | Create | Villager (Male) |
| 26:03 | Create | Villager (Male) |
| 26:06 | Create | Villager (Male) |
| 26:11 | Build | Farm |
| 26:23 | Build | University |
| 26:30 | Create | Villager (Male) |
| 26:35 | Create | Villager (Male) |
| 26:42 | Build | Farm |
| 26:56 | Build | Stone Wall |
| 27:03 | Build | Building 490 |
| 27:10 | Create | Villager (Male) |
| 27:11 | Create | Villager (Male) |
| 27:17 | Build | Farm |
| 27:18 | Create | Villager (Male) |
| 27:28 | Build | Mining Camp |
| 27:35 | Create | Villager (Male) |
| 27:36 | Create | Villager (Male) |
| 27:39 | Build | Farm |
| 27:44 | Create | Villager (Male) |
| 27:45 | Create | Villager (Male) |
| 27:52 | Build | House |
| 27:53 | Build | House |
| 27:54 | Build | House |
| 27:55 | Build | House |
| 27:59 | Create | Villager (Male) |
| 28:01 | Build | Farm |
| 28:03 | Create | Villager (Male) |
| 28:05 | Create | Villager (Male) |
| 28:33 | Build | University |
| 28:45 | Build | Stone Wall |
| 28:51 | Build | Building 490 |
| 29:09 | Build | Market |
| 29:15 | Create | Villager (Male) |
| 29:18 | Build | Farm |
| 29:20 | Build | Farm |
| 29:21 | Build | Farm |
| 29:24 | Create | Villager (Male) |
| 29:25 | Create | Villager (Male) |
| 29:51 | Build | Lumber Camp |
| 30:09 | Research | Redemption |
| 30:11 | Create | Monk |
| 30:38 | Create | Monk |
| 31:34 | Research | Imperial Age |
| 31:38 | Create | Villager (Male) |
| 31:38 | Create | Villager (Male) |
| 31:39 | Create | Villager (Male) |
| 31:42 | Create | Villager (Male) |
| 32:09 | Build | House |
| 32:11 | Build | House |
| 32:12 | Build | House |
| 32:13 | Build | House |
| 32:16 | Research | Fortified Wall (upgrade) |
| 32:28 | Build | Castle |
| 32:39 | Build | Farm |
| 32:40 | Build | Farm |
| 32:46 | Research | Bow Saw |
| 32:56 | Build | Lumber Camp |
| 33:02 | Create | Villager (Male) |
| 33:02 | Create | Villager (Male) |
| 33:45 | Build | Barracks |
| 34:31 | Build | Archery Range |
| 34:33 | Build | Archery Range |
Build order — LudwigWittgenstein
First 150 of 515 actions detected
| 0:03 | Create | Villager (Male) |
| 0:03 | Create | Villager (Male) |
| 0:04 | Create | Villager (Male) |
| 0:04 | Create | Villager (Male) |
| 0:04 | Create | Villager (Male) |
| 0:06 | Research | Loom |
| 0:06 | Research | Loom |
| 0:10 | Build | House |
| 0:13 | Build | House |
| 1:02 | Build | Palisade Wall |
| 2:12 | Create | Villager (Male) |
| 2:12 | Create | Villager (Male) |
| 2:52 | Create | Villager (Male) |
| 2:52 | Create | Villager (Male) |
| 2:52 | Create | Villager (Male) |
| 3:04 | Build | House |
| 3:20 | Create | Villager (Male) |
| 3:20 | Create | Villager (Male) |
| 3:28 | Build | Lumber Camp |
| 3:54 | Create | Villager (Male) |
| 4:06 | Create | Villager (Male) |
| 4:06 | Create | Villager (Male) |
| 4:49 | Create | Villager (Male) |
| 4:50 | Create | Villager (Male) |
| 5:36 | Create | Villager (Male) |
| 5:36 | Create | Villager (Male) |
| 5:36 | Create | Villager (Male) |
| 5:47 | Build | Mill |
| 6:08 | Create | Villager (Male) |
| 6:08 | Create | Villager (Male) |
| 6:17 | Build | House |
| 6:19 | Build | House |
| 7:00 | Create | Villager (Male) |
| 7:00 | Create | Villager (Male) |
| 7:24 | Create | Villager (Male) |
| 7:59 | Build | House |
| 8:03 | Build | House |
| 8:13 | Create | Villager (Male) |
| 8:13 | Create | Villager (Male) |
| 8:49 | Build | Mill |
| 8:59 | Create | Villager (Male) |
| 9:23 | Create | Villager (Male) |
| 9:24 | Create | Villager (Male) |
| 10:29 | Build | Mining Camp |
| 10:36 | Research | Feudal Age |
| 11:09 | Create | Villager (Male) |
| 11:09 | Create | Villager (Male) |
| 11:36 | Create | Villager (Male) |
| 11:36 | Create | Villager (Male) |
| 12:21 | Build | Farm |
| 12:26 | Build | Farm |
| 12:46 | Build | Farm |
| 12:51 | Build | Farm |
| 12:55 | Build | Farm |
| 12:57 | Age | Feudal Age |
| 13:00 | Build | Farm |
| 13:02 | Research | Horse Collar |
| 13:05 | Research | Double-Bit Axe |
| 13:10 | Create | Villager (Male) |
| 13:31 | Build | Barracks |
| 13:56 | Build | Market |
| 14:02 | Create | Villager (Male) |
| 14:23 | Build | Blacksmith |
| 14:45 | Build | Lumber Camp |
| 14:53 | Create | Villager (Male) |
| 15:10 | Build | Farm |
| 15:26 | Build | House |
| 15:27 | Build | House |
| 15:28 | Build | House |
| 15:29 | Build | House |
| 15:30 | Build | House |
| 15:38 | Build | Farm |
| 15:44 | Build | Lumber Camp |
| 15:50 | Research | Castle Age |
| 16:06 | Build | Mining Camp |
| 16:14 | Create | Villager (Male) |
| 16:53 | Build | Stone Wall |
| 17:02 | Research | Gold Mining |
| 17:02 | Research | Stone Mining |
| 17:07 | Build | Barracks |
| 17:32 | Build | Barracks |
| 17:50 | Build | Farm |
| 18:06 | Create | Villager (Male) |
| 18:12 | Build | Lumber Camp |
| 18:32 | Age | Castle Age |
| 18:37 | Build | Town Center |
| 18:41 | Research | Bow Saw |
| 18:45 | Create | Villager (Male) |
| 18:45 | Create | Villager (Male) |
| 19:05 | Build | Stone Wall |
| 19:19 | Research | Heavy Plow |
| 19:40 | Build | Lumber Camp |
| 19:45 | Create | Villager (Male) |
| 19:45 | Create | Villager (Male) |
| 19:53 | Research | Wheelbarrow |
| 19:54 | Create | Villager (Male) |
| 19:54 | Create | Villager (Male) |
| 19:54 | Create | Villager (Male) |
| 20:25 | Build | Stone Wall |
| 20:32 | Create | Villager (Male) |
| 20:32 | Create | Villager (Male) |
| 20:45 | Build | Town Center |
| 20:49 | Create | Villager (Male) |
| 20:52 | Create | Trade Cart |
| 20:52 | Create | Trade Cart |
| 20:52 | Create | Trade Cart |
| 21:11 | Build | Farm |
| 21:16 | Create | Villager (Male) |
| 21:16 | Create | Villager (Male) |
| 21:40 | Build | Barracks |
| 21:41 | Build | Barracks |
| 21:50 | Create | Villager (Male) |
| 21:50 | Create | Villager (Male) |
| 21:50 | Create | Villager (Male) |
| 22:01 | Create | Villager (Male) |
| 22:02 | Create | Villager (Male) |
| 22:22 | Build | Town Center |
| 22:29 | Create | Villager (Male) |
| 22:29 | Create | Villager (Male) |
| 22:51 | Create | Villager (Male) |
| 22:52 | Create | Villager (Male) |
| 22:52 | Create | Villager (Male) |
| 23:03 | Build | Barracks |
| 23:04 | Build | Barracks |
| 23:12 | Build | Farm |
| 23:17 | Build | Farm |
| 23:22 | Build | Monastery |
| 23:30 | Build | Farm |
| 23:33 | Create | Villager (Male) |
| 23:34 | Create | Villager (Male) |
| 23:34 | Create | Villager (Male) |
| 23:34 | Create | Villager (Male) |
| 23:57 | Create | Villager (Male) |
| 23:57 | Create | Villager (Male) |
| 23:57 | Create | Villager (Male) |
| 24:05 | Build | Farm |
| 24:12 | Build | University |
| 24:17 | Build | Mining Camp |
| 24:24 | Create | Monk |
| 24:32 | Build | Lumber Camp |
| 24:47 | Build | Stone Wall |
| 24:53 | Build | Stone Wall |
| 24:58 | Build | Building 490 |
| 25:09 | Research | Hand Cart |
| 25:09 | Research | Town Watch |
| 25:17 | Create | Villager (Male) |
| 25:17 | Create | Villager (Male) |
| 25:17 | Create | Villager (Male) |
| 25:28 | Create | Villager (Male) |
| 25:28 | Create | Villager (Male) |
Build order — Justice
First 150 of 229 actions detected
| 0:01 | Create | Villager (Male) |
| 0:01 | Create | Villager (Male) |
| 0:01 | Create | Villager (Male) |
| 0:02 | Create | Villager (Male) |
| 0:04 | Build | House |
| 0:30 | Research | Loom |
| 0:42 | Build | Palisade Wall |
| 0:54 | Build | Palisade Wall |
| 1:19 | Build | Palisade Wall |
| 1:36 | Build | Palisade Wall |
| 1:40 | Build | Palisade Wall |
| 3:00 | Create | Villager (Male) |
| 3:19 | Create | Villager (Male) |
| 3:29 | Build | House |
| 3:56 | Create | Villager (Male) |
| 5:03 | Create | Villager (Male) |
| 5:05 | Create | Villager (Male) |
| 5:37 | Create | Villager (Male) |
| 5:56 | Build | House |
| 5:57 | Build | House |
| 6:08 | Create | Villager (Male) |
| 6:29 | Create | Villager (Male) |
| 6:56 | Create | Villager (Male) |
| 7:45 | Create | Villager (Male) |
| 8:13 | Create | Villager (Male) |
| 8:35 | Create | Villager (Male) |
| 8:48 | Create | Villager (Male) |
| 9:21 | Create | Villager (Male) |
| 9:46 | Create | Villager (Male) |
| 10:02 | Build | Lumber Camp |
| 10:06 | Create | Villager (Male) |
| 10:06 | Create | Villager (Male) |
| 10:07 | Create | Villager (Male) |
| 10:07 | Create | Villager (Male) |
| 10:21 | Build | House |
| 10:50 | Create | Villager (Male) |
| 11:15 | Build | House |
| 11:39 | Build | Mill |
| 12:22 | Create | Villager (Male) |
| 12:25 | Build | House |
| 12:27 | Build | House |
| 12:28 | Build | House |
| 12:46 | Create | Villager (Male) |
| 13:09 | Create | Villager (Male) |
| 13:35 | Create | Villager (Male) |
| 13:38 | Build | Mill |
| 13:44 | Create | Villager (Male) |
| 13:44 | Create | Villager (Male) |
| 13:52 | Create | Villager (Male) |
| 14:41 | Build | Mill |
| 15:00 | Research | Feudal Age |
| 16:48 | Create | Villager (Male) |
| 16:49 | Create | Villager (Male) |
| 17:05 | Build | Barracks |
| 17:13 | Build | Palisade Wall |
| 17:15 | Build | Palisade Wall |
| 17:28 | Age | Feudal Age |
| 17:37 | Research | Man-at-Arms (upgrade) |
| 17:39 | Build | Barracks |
| 17:49 | Build | Mining Camp |
| 17:54 | Research | Horse Collar |
| 17:56 | Research | Double-Bit Axe |
| 18:43 | Build | Watch Tower |
| 19:11 | Create | Militia |
| 19:12 | Create | Militia |
| 19:12 | Create | Militia |
| 19:46 | Create | Militia |
| 19:58 | Build | Building 804 |
| 20:07 | Build | Stone Wall |
| 20:41 | Create | Militia |
| 20:41 | Create | Militia |
| 21:11 | Create | Militia |
| 21:11 | Create | Militia |
| 21:11 | Create | Militia |
| 21:18 | Build | Farm |
| 21:19 | Build | Farm |
| 21:19 | Build | Farm |
| 21:19 | Build | Farm |
| 21:19 | Build | Farm |
| 21:20 | Build | Farm |
| 21:20 | Build | Farm |
| 21:21 | Build | Farm |
| 21:26 | Build | Farm |
| 21:27 | Build | Farm |
| 21:44 | Create | Militia |
| 22:34 | Create | Villager (Male) |
| 22:39 | Build | Stone Wall |
| 23:13 | Create | Militia ×5 |
| 23:48 | Create | Militia ×3 |
| 23:59 | Build | Building 490 |
| 24:17 | Build | Building 490 |
| 24:23 | Create | Villager (Male) |
| 24:30 | Build | Mining Camp |
| 24:36 | Create | Villager (Male) |
| 24:36 | Create | Villager (Male) |
| 24:44 | Create | Villager (Male) |
| 25:21 | Build | Farm |
| 25:21 | Build | Farm |
| 25:21 | Build | Farm |
| 25:21 | Build | Farm |
| 25:22 | Build | Farm |
| 25:22 | Build | Farm |
| 25:23 | Build | Farm |
| 25:23 | Build | Farm |
| 25:31 | Research | Wheelbarrow |
| 25:36 | Create | Villager (Male) |
| 25:41 | Build | Market |
| 25:44 | Build | Market |
| 25:53 | Build | Blacksmith |
| 26:38 | Build | Mining Camp |
| 26:56 | Research | Gold Mining |
| 26:56 | Research | Stone Mining |
| 27:01 | Create | Villager (Male) |
| 27:47 | Build | House |
| 27:48 | Build | House |
| 27:49 | Build | House |
| 28:08 | Create | Villager (Male) |
| 28:08 | Create | Villager (Male) |
| 28:57 | Research | Castle Age |
| 30:26 | Create | Trade Cart ×5 |
| 30:27 | Create | Trade Cart |
| 30:28 | Create | Trade Cart ×3 |
| 30:44 | Create | Trade Cart |
| 30:58 | Create | Militia |
| 31:04 | Research | Forging |
| 31:04 | Research | Scale Mail Armor |
| 31:38 | Age | Castle Age |
| 31:42 | Build | Town Center |
| 31:44 | Create | Villager (Male) |
| 31:45 | Create | Villager (Male) |
| 31:45 | Create | Villager (Male) |
| 31:45 | Create | Villager (Male) |
| 31:46 | Create | Villager (Male) |
| 31:51 | Research | Bow Saw |
| 31:53 | Research | Heavy Plow |
| 32:07 | Create | Militia ×5 |
| 32:08 | Create | Militia ×3 |
| 32:13 | Create | Militia |
| 32:20 | Create | Militia |
| 32:28 | Create | Militia |
| 32:31 | Create | Militia |
| 32:42 | Build | House |
| 32:43 | Build | House |
| 32:44 | Build | House |
| 32:45 | Build | House |
| 32:46 | Build | House |
| 32:48 | Build | House |
| 32:51 | Create | Villager (Male) |
| 32:52 | Create | Villager (Male) |
| 32:59 | Create | Villager (Male) |
Build order — Fairless14
13 actions detected in the replay
| 0:09 | Create | Villager (Male) |
| 0:10 | Build | House |
| 0:14 | Build | House |
| 0:21 | Create | Villager (Male) ×3 |
| 1:32 | Create | Villager (Male) |
| 1:32 | Create | Villager (Male) |
| 1:52 | Build | Lumber Camp |
| 2:08 | Create | Villager (Male) |
| 2:08 | Create | Villager (Male) |
| 2:29 | Create | Villager (Male) |
| 2:53 | Build | House |
| 3:07 | Create | Villager (Male) |
| 3:07 | Create | Villager (Male) |
Build order — Friedrich der Teufelsjäger
First 150 of 225 actions detected
| 0:03 | Research | Loom |
| 0:03 | Create | Villager (Male) |
| 0:03 | Create | Villager (Male) |
| 0:03 | Create | Villager (Male) |
| 0:04 | Create | Villager (Male) |
| 0:07 | Build | House |
| 0:09 | Build | House |
| 1:23 | Build | Palisade Wall |
| 2:44 | Build | Palisade Wall |
| 3:04 | Build | Palisade Wall |
| 4:26 | Create | Villager (Male) |
| 4:26 | Create | Villager (Male) |
| 4:26 | Create | Villager (Male) |
| 5:07 | Create | Villager (Male) |
| 5:07 | Create | Villager (Male) |
| 5:26 | Create | Villager (Male) |
| 6:32 | Create | Villager (Male) |
| 6:32 | Create | Villager (Male) |
| 7:06 | Build | Lumber Camp |
| 7:12 | Create | Villager (Male) |
| 7:13 | Create | Villager (Male) |
| 7:26 | Build | House |
| 8:43 | Build | Mill |
| 9:11 | Create | Villager (Male) |
| 9:11 | Create | Villager (Male) |
| 9:11 | Create | Villager (Male) |
| 9:12 | Create | Villager (Male) |
| 9:12 | Create | Villager (Male) |
| 9:12 | Create | Villager (Male) |
| 9:23 | Build | House |
| 11:39 | Research | Feudal Age |
| 11:48 | Build | Barracks |
| 11:54 | Build | House |
| 12:40 | Build | Mining Camp |
| 12:51 | Create | Villager (Male) |
| 12:51 | Create | Villager (Male) |
| 12:57 | Create | Militia |
| 12:57 | Create | Militia |
| 12:57 | Create | Militia |
| 13:45 | Create | Militia |
| 13:49 | Age | Feudal Age |
| 14:28 | Research | Arson |
| 14:50 | Build | Farm |
| 15:02 | Research | Man-at-Arms (upgrade) |
| 15:28 | Build | Building 796 |
| 15:44 | Create | Villager (Male) |
| 15:44 | Create | Villager (Male) |
| 16:00 | Create | Militia |
| 16:14 | Create | Militia |
| 16:17 | Build | Farm |
| 16:19 | Create | Villager (Male) |
| 16:41 | Build | Blacksmith |
| 16:46 | Build | House |
| 16:50 | Build | House |
| 17:22 | Create | Villager (Male) |
| 17:24 | Research | Wheelbarrow |
| 17:27 | Create | Militia |
| 18:42 | Create | Militia |
| 18:45 | Research | Forging |
| 19:54 | Research | Scale Mail Armor |
| 20:09 | Create | Militia |
| 20:09 | Create | Militia |
| 20:09 | Create | Militia |
| 20:24 | Create | Militia |
| 20:37 | Create | Militia |
| 20:38 | Create | Militia |
| 20:53 | Create | Militia |
| 21:19 | Build | Farm |
| 21:20 | Build | Farm |
| 21:20 | Build | Farm |
| 21:20 | Build | Farm |
| 21:21 | Build | Farm |
| 21:21 | Build | Farm |
| 21:21 | Build | Farm |
| 22:10 | Create | Militia |
| 22:11 | Create | Militia |
| 22:41 | Build | Archery Range |
| 23:55 | Create | Militia |
| 24:01 | Create | Villager (Male) |
| 24:02 | Create | Villager (Male) |
| 24:03 | Create | Villager (Male) |
| 24:06 | Create | Villager (Male) |
| 24:07 | Create | Villager (Male) |
| 24:24 | Build | Farm |
| 24:25 | Build | Farm |
| 24:52 | Research | Double-Bit Axe |
| 25:23 | Build | Farm |
| 25:23 | Build | Farm |
| 25:48 | Create | Villager (Male) |
| 25:48 | Create | Villager (Male) |
| 25:57 | Build | Farm |
| 26:38 | Build | Market |
| 26:43 | Build | Stone Wall |
| 26:53 | Create | Villager (Male) |
| 26:53 | Create | Villager (Male) |
| 26:53 | Create | Villager (Male) |
| 26:54 | Create | Villager (Male) |
| 27:15 | Build | Farm |
| 27:21 | Create | Villager (Male) |
| 27:36 | Build | Mining Camp |
| 27:42 | Research | Horse Collar |
| 27:53 | Build | Farm |
| 27:55 | Build | Farm |
| 28:08 | Build | Stone Wall |
| 28:11 | Build | Stone Wall |
| 28:43 | Research | Castle Age |
| 28:56 | Build | House |
| 28:57 | Build | House |
| 28:58 | Build | House |
| 28:59 | Build | House |
| 29:00 | Build | House |
| 29:37 | Create | Villager (Male) |
| 29:37 | Create | Villager (Male) |
| 29:54 | Build | Outpost |
| 30:06 | Build | Outpost |
| 30:07 | Build | Outpost |
| 30:09 | Build | Outpost |
| 30:11 | Build | Outpost |
| 30:13 | Build | Outpost |
| 30:15 | Build | Outpost |
| 30:18 | Build | Outpost |
| 30:19 | Build | Outpost |
| 30:43 | Build | Farm |
| 30:47 | Build | Farm |
| 30:47 | Build | Farm |
| 31:42 | Age | Castle Age |
| 31:53 | Research | Bow Saw |
| 32:01 | Create | Villager (Male) |
| 32:13 | Build | Stone Wall |
| 32:34 | Build | Siege Workshop |
| 33:18 | Build | Town Center |
| 33:24 | Create | Villager (Male) |
| 33:24 | Create | Villager (Male) |
| 33:25 | Create | Villager (Male) |
| 33:46 | Create | Mangonel |
| 33:47 | Create | Mangonel |
| 34:10 | Build | Stone Wall |
| 34:21 | Create | Mangonel |
| 34:30 | Build | Barracks |
| 34:45 | Build | Monastery |
| 34:46 | Build | Monastery |
| 35:37 | Research | Long Swordsman (upgrade) |
| 35:37 | Create | Militia |
| 35:37 | Create | Militia |
| 35:38 | Create | Militia |
| 35:38 | Create | Militia |
| 35:38 | Create | Militia |
| 35:47 | Build | Archery Range |
| 35:50 | Build | Archery Range |
| 36:26 | Create | Monk |
Build order — Baluu
First 150 of 386 actions detected
| 0:02 | Create | Villager (Male) |
| 0:03 | Create | Villager (Male) |
| 0:03 | Create | Villager (Male) |
| 0:03 | Create | Villager (Male) |
| 0:03 | Create | Villager (Male) |
| 0:05 | Create | Villager (Male) |
| 0:05 | Create | Villager (Male) |
| 0:05 | Create | Villager (Male) |
| 0:07 | Build | House |
| 0:10 | Build | House |
| 1:34 | Create | Villager (Male) |
| 2:20 | Create | Villager (Male) |
| 2:20 | Create | Villager (Male) |
| 2:20 | Create | Villager (Male) |
| 3:10 | Create | Villager (Male) |
| 3:10 | Create | Villager (Male) |
| 3:11 | Create | Villager (Male) |
| 3:15 | Build | Lumber Camp |
| 3:21 | Build | House |
| 3:48 | Create | Villager (Male) |
| 4:18 | Create | Villager (Male) |
| 4:18 | Create | Villager (Male) |
| 4:51 | Create | Villager (Male) |
| 5:09 | Create | Villager (Male) |
| 5:09 | Create | Villager (Male) |
| 5:24 | Create | Villager (Male) |
| 5:24 | Create | Villager (Male) |
| 5:49 | Build | House |
| 6:13 | Create | Villager (Male) |
| 6:37 | Create | Villager (Male) |
| 7:19 | Build | Mill |
| 7:24 | Create | Villager (Male) |
| 7:24 | Create | Villager (Male) |
| 7:25 | Create | Villager (Male) |
| 7:25 | Create | Villager (Male) |
| 7:54 | Build | House |
| 7:55 | Build | House |
| 9:10 | Create | Villager (Male) |
| 9:10 | Create | Villager (Male) |
| 9:11 | Create | Villager (Male) |
| 9:37 | Build | Mining Camp |
| 10:06 | Research | Feudal Age |
| 10:15 | Create | Villager (Male) |
| 10:16 | Create | Villager (Male) |
| 10:35 | Build | Farm |
| 10:37 | Build | Farm |
| 10:44 | Build | Farm |
| 11:00 | Build | Farm |
| 12:16 | Age | Feudal Age |
| 12:19 | Build | Market |
| 12:30 | Build | Blacksmith |
| 12:49 | Build | Farm |
| 13:05 | Build | Mill |
| 13:15 | Research | Castle Age |
| 13:23 | Research | Double-Bit Axe |
| 13:57 | Research | Horse Collar |
| 14:20 | Research | Loom |
| 14:27 | Build | House |
| 14:29 | Build | House |
| 14:41 | Build | House |
| 14:41 | Build | House |
| 14:41 | Build | House |
| 14:42 | Build | House |
| 14:43 | Build | House |
| 15:50 | Create | Villager (Male) |
| 15:51 | Create | Villager (Male) |
| 15:54 | Create | Villager (Male) |
| 15:55 | Age | Castle Age |
| 15:58 | Build | Town Center |
| 16:06 | Build | Town Center |
| 16:18 | Research | Heavy Plow |
| 16:30 | Research | Bow Saw |
| 16:35 | Build | Farm |
| 16:45 | Create | Villager (Male) |
| 17:03 | Build | Farm |
| 17:23 | Create | Villager (Male) |
| 17:37 | Build | Building 796 |
| 17:40 | Build | Palisade Wall |
| 17:42 | Build | Palisade Wall |
| 17:44 | Create | Villager (Male) |
| 17:46 | Create | Villager (Male) ×2 |
| 17:52 | Build | Farm |
| 17:53 | Build | Farm |
| 17:55 | Build | Farm |
| 17:56 | Build | Farm |
| 18:01 | Create | Villager (Male) ×2 |
| 18:08 | Build | House |
| 18:13 | Build | House |
| 18:13 | Build | House |
| 18:14 | Build | House |
| 18:14 | Build | House |
| 18:14 | Build | House |
| 18:14 | Build | House |
| 18:14 | Build | House |
| 18:15 | Build | House |
| 18:15 | Build | House |
| 18:16 | Build | House |
| 18:16 | Build | House |
| 18:16 | Build | House |
| 18:17 | Build | House |
| 18:21 | Create | Villager (Male) |
| 18:30 | Create | Villager (Male) |
| 18:34 | Build | Farm |
| 18:35 | Build | Farm |
| 18:38 | Build | Farm |
| 18:47 | Build | Farm |
| 18:49 | Build | Farm |
| 19:22 | Build | Building 490 |
| 19:25 | Build | Stone Wall |
| 19:28 | Build | Stone Wall |
| 19:33 | Create | Villager (Male) |
| 19:35 | Create | Villager (Male) ×4 |
| 19:35 | Create | Villager (Male) ×4 |
| 19:39 | Build | Farm |
| 19:50 | Build | Monastery |
| 19:53 | Build | Siege Workshop |
| 19:57 | Create | Villager (Male) ×3 |
| 20:00 | Build | Farm |
| 20:00 | Build | Farm |
| 20:01 | Build | Farm |
| 20:01 | Build | Farm |
| 20:01 | Build | Farm |
| 20:02 | Build | Farm |
| 20:02 | Build | Farm |
| 20:06 | Create | Villager (Male) |
| 20:07 | Create | Villager (Male) |
| 20:08 | Create | Villager (Male) |
| 20:08 | Create | Villager (Male) |
| 20:17 | Build | Farm |
| 20:23 | Build | Farm |
| 20:24 | Build | Farm |
| 20:27 | Build | Farm |
| 20:30 | Create | Villager (Male) |
| 20:31 | Create | Villager (Male) |
| 20:31 | Create | Villager (Male) |
| 20:54 | Create | Monk |
| 20:58 | Create | Villager (Male) ×3 |
| 21:25 | Create | Villager (Male) ×4 |
| 21:34 | Build | Lumber Camp |
| 21:35 | Create | Villager (Male) |
| 21:59 | Create | Villager (Male) ×3 |
| 22:06 | Build | Farm |
| 22:06 | Build | Farm |
| 22:07 | Build | Farm |
| 22:07 | Build | Farm |
| 22:07 | Build | Farm |
| 22:07 | Build | Farm |
| 22:08 | Build | Farm |
| 22:08 | Build | Farm |
| 22:08 | Build | Farm |
Build order — shadowfax
First 150 of 200 actions detected
| 0:02 | Create | Villager (Male) |
| 0:02 | Create | Villager (Male) |
| 0:03 | Create | Villager (Male) |
| 0:03 | Create | Villager (Male) |
| 0:03 | Create | Villager (Male) |
| 0:05 | Build | House |
| 0:08 | Build | House |
| 0:50 | Build | Palisade Wall |
| 1:47 | Create | Villager (Male) |
| 2:11 | Build | House |
| 3:09 | Create | Villager (Male) |
| 3:09 | Create | Villager (Male) |
| 3:10 | Create | Villager (Male) |
| 3:48 | Create | Villager (Male) |
| 3:48 | Create | Villager (Male) |
| 3:48 | Create | Villager (Male) |
| 4:30 | Create | Villager (Male) |
| 5:11 | Create | Villager (Male) |
| 5:12 | Create | Villager (Male) |
| 5:12 | Create | Villager (Male) |
| 6:22 | Create | Villager (Male) |
| 6:22 | Create | Villager (Male) |
| 6:23 | Create | Villager (Male) |
| 6:23 | Create | Villager (Male) |
| 7:13 | Create | Villager (Male) |
| 7:13 | Create | Villager (Male) |
| 7:13 | Create | Villager (Male) |
| 7:30 | Build | Mill |
| 7:50 | Build | House |
| 7:57 | Build | House |
| 8:01 | Create | Villager (Male) |
| 8:23 | Create | Villager (Male) |
| 8:23 | Create | Villager (Male) |
| 8:25 | Create | Villager (Male) |
| 8:32 | Build | House |
| 8:34 | Build | House |
| 8:57 | Build | Mill |
| 9:02 | Build | Mining Camp |
| 9:20 | Create | Villager (Male) |
| 9:20 | Create | Villager (Male) |
| 9:39 | Create | Villager (Male) |
| 9:40 | Create | Villager (Male) |
| 10:09 | Build | House |
| 10:30 | Build | Lumber Camp |
| 10:41 | Create | Villager (Male) |
| 10:46 | Build | House |
| 11:00 | Create | Villager (Male) |
| 11:00 | Create | Villager (Male) |
| 11:08 | Create | Villager (Male) |
| 11:41 | Build | Palisade Wall |
| 11:48 | Build | Palisade Wall |
| 13:04 | Research | Feudal Age |
| 13:14 | Build | Barracks |
| 14:27 | Build | Farm |
| 14:27 | Build | Farm |
| 14:28 | Build | Farm |
| 14:34 | Build | Farm |
| 14:34 | Build | Farm |
| 14:35 | Build | Farm |
| 14:35 | Build | Farm |
| 15:14 | Age | Feudal Age |
| 15:20 | Build | Market |
| 15:45 | Build | Stone Wall |
| 16:01 | Create | Villager (Male) |
| 16:01 | Create | Villager (Male) |
| 16:39 | Build | Blacksmith |
| 16:52 | Create | Villager (Male) |
| 17:10 | Research | Castle Age |
| 17:36 | Build | Archery Range |
| 17:54 | Create | Villager (Male) |
| 17:54 | Create | Villager (Male) |
| 17:55 | Create | Villager (Male) |
| 17:55 | Create | Villager (Male) |
| 19:57 | Age | Castle Age |
| 20:01 | Build | Siege Workshop |
| 20:07 | Build | Monastery |
| 20:15 | Build | Farm |
| 20:15 | Build | Farm |
| 20:16 | Build | Farm |
| 20:31 | Build | Farm |
| 20:38 | Build | Farm |
| 20:41 | Build | Farm |
| 20:45 | Build | Farm |
| 20:51 | Build | Farm |
| 21:43 | Research | Imperial Age |
| 22:19 | Build | Siege Workshop |
| 22:33 | Build | House |
| 22:35 | Build | House |
| 22:36 | Build | House |
| 22:38 | Build | House |
| 22:50 | Research | Double-Bit Axe |
| 22:52 | Research | Horse Collar |
| 23:34 | Create | Villager (Male) |
| 23:34 | Create | Villager (Male) |
| 23:35 | Create | Villager (Male) |
| 23:35 | Create | Villager (Male) |
| 23:37 | Create | Villager (Male) |
| 23:51 | Build | Archery Range |
| 23:59 | Build | Farm |
| 24:17 | Research | Bow Saw |
| 24:36 | Build | House |
| 24:38 | Build | House |
| 24:48 | Build | Farm |
| 24:53 | Age | Imperial Age |
| 25:14 | Create | Villager (Male) |
| 25:25 | Build | Mining Camp |
| 25:28 | Create | Villager (Male) |
| 25:39 | Research | Heavy Plow |
| 25:54 | Create | Villager (Male) |
| 25:55 | Create | Villager (Male) |
| 26:00 | Create | Bombard Cannon |
| 26:35 | Create | Hand Cannoneer ×5 |
| 26:36 | Create | Hand Cannoneer ×5 |
| 26:36 | Create | Hand Cannoneer ×5 |
| 26:36 | Create | Hand Cannoneer ×2 |
| 26:56 | Create | Bombard Cannon |
| 27:09 | Build | Farm |
| 27:09 | Build | Farm |
| 27:09 | Build | Farm |
| 27:43 | Create | Bombard Cannon |
| 27:57 | Create | Villager (Male) |
| 27:57 | Create | Villager (Male) |
| 28:03 | Research | Gold Mining |
| 28:21 | Create | Villager (Male) |
| 28:21 | Create | Villager (Male) |
| 28:40 | Create | Bombard Cannon |
| 28:56 | Research | Padded Archer Armor |
| 29:06 | Build | House |
| 29:07 | Build | House |
| 29:10 | Build | House |
| 29:12 | Build | House |
| 29:14 | Build | House |
| 29:16 | Build | House |
| 29:21 | Create | Villager (Male) |
| 29:43 | Create | Bombard Cannon |
| 29:47 | Create | Hand Cannoneer ×5 |
| 29:47 | Create | Hand Cannoneer ×5 |
| 29:47 | Create | Hand Cannoneer ×2 |
| 30:06 | Create | Villager (Male) |
| 30:06 | Create | Villager (Male) |
| 30:06 | Create | Villager (Male) |
| 30:21 | Research | Gold Shaft Mining |
| 30:52 | Build | Building 673 |
| 30:59 | Create | Villager (Male) |
| 30:59 | Create | Villager (Male) |
| 31:11 | Build | House |
| 31:12 | Build | House |
| 31:14 | Build | House |
| 31:16 | Build | House |
| 31:26 | Research | Leather Archer Armor |
Match timeline
| 0:42 | Justice · wall_segment Palisade Wall x11 |
| 0:50 | shadowfax · wall_segment Palisade Wall x11 |
| 0:54 | Justice · wall_segment Palisade Wall x11 |
| 1:02 | LudwigWittgenstein · wall_segment Palisade Wall x9 |
| 1:19 | Justice · wall_segment Palisade Wall x1 |
| 1:23 | Friedrich der Teufelsjäger · wall_segment Palisade Wall x22 |
| 1:36 | Justice · wall_segment Palisade Wall x1 |
| 1:40 | Justice · wall_segment Palisade Wall x9 |
| 2:44 | Friedrich der Teufelsjäger · wall_segment Palisade Wall x6 |
| 3:04 | Friedrich der Teufelsjäger · wall_segment Palisade Wall x5 |
| 3:11 | SeventhDrip9 · wall_segment Palisade Wall x15 |
| 3:25 | Fairless14 · resign |
| 11:41 | shadowfax · wall_segment Palisade Wall x1 |
| 11:48 | shadowfax · wall_segment Palisade Wall x2 |
| 11:48 | Friedrich der Teufelsjäger · first_building Barracks |
| 12:16 | Baluu · age_up feudal |
| 12:25 | Sop@11 · age_up feudal |
| 12:57 | LudwigWittgenstein · age_up feudal |
| 13:14 | shadowfax · first_building Barracks |
| 13:31 | LudwigWittgenstein · first_building Barracks |
| 13:49 | Friedrich der Teufelsjäger · age_up feudal |
| 15:14 | shadowfax · age_up feudal |
| 15:45 | shadowfax · wall_segment Stone Wall x15 |
| 15:55 | Baluu · age_up castle |
| 16:14 | SeventhDrip9 · wall_segment Stone Wall x6 |
| 16:16 | SeventhDrip9 · wall_segment Stone Wall x9 |
| 16:20 | Sop@11 · age_up castle |
| 16:53 | LudwigWittgenstein · wall_segment Stone Wall x9 |
| 16:55 | Sop@11 · first_market_buy 100 wood |
| 17:05 | Justice · first_building Barracks |
| 17:13 | Justice · wall_segment Palisade Wall x2 |
| 17:15 | Justice · wall_segment Palisade Wall x25 |
| 17:28 | Justice · age_up feudal |
| 17:36 | shadowfax · first_building Archery Range |
| 17:40 | Baluu · wall_segment Palisade Wall x1 |
| 17:42 | Baluu · wall_segment Palisade Wall x5 |
| 18:32 | LudwigWittgenstein · age_up castle |
| 18:56 | Sop@11 · first_market_sell 100 stone |
| 19:05 | LudwigWittgenstein · wall_segment Stone Wall x9 |
| 19:16 | Baluu · first_market_buy 100 stone |
| 19:25 | Baluu · wall_segment Stone Wall x1 |
| 19:28 | Baluu · wall_segment Stone Wall x5 |
| 19:50 | LudwigWittgenstein · first_market_buy 100 food |
| 19:50 | Baluu · first_building Monastery |
| 19:53 | Baluu · first_building Siege Workshop |
| 19:57 | shadowfax · age_up castle |
| 20:01 | shadowfax · first_building Siege Workshop |
| 20:07 | Justice · wall_segment Stone Wall x1 |
| 20:07 | shadowfax · first_building Monastery |
| 20:25 | LudwigWittgenstein · wall_segment Stone Wall x9 |
| 20:50 | SeventhDrip9 · first_building Castle |
| 21:14 | Sop@11 · first_building Barracks |
| 21:19 | shadowfax · first_market_buy 100 food |
| 22:39 | Justice · wall_segment Stone Wall x10 |
| 22:41 | Friedrich der Teufelsjäger · first_building Archery Range |
| 23:15 | SeventhDrip9 · first_building Monastery |
| 23:22 | LudwigWittgenstein · first_building Monastery |
| 24:41 | Sop@11 · first_building Stable |
| 24:44 | SeventhDrip9 · first_market_buy 100 food |
| 24:47 | LudwigWittgenstein · wall_segment Stone Wall x6 |
| 24:53 | shadowfax · age_up imperial |
| 24:53 | LudwigWittgenstein · wall_segment Stone Wall x11 |
| 26:43 | Friedrich der Teufelsjäger · wall_segment Stone Wall x3 |
| 26:56 | SeventhDrip9 · wall_segment Stone Wall x16 |
| 26:58 | Baluu · first_building Barracks |
| 27:02 | LudwigWittgenstein · first_building Castle |
| 27:57 | Sop@11 · first_building Monastery |
| 28:08 | Friedrich der Teufelsjäger · wall_segment Stone Wall x4 |
| 28:11 | Friedrich der Teufelsjäger · wall_segment Stone Wall x10 |
| 28:11 | LudwigWittgenstein · wall_segment Stone Wall x19 |
| 28:30 | Friedrich der Teufelsjäger · first_market_buy 100 food |
| 28:45 | SeventhDrip9 · wall_segment Stone Wall x20 |
| 29:57 | Baluu · age_up imperial |
| 30:10 | LudwigWittgenstein · wall_segment Stone Wall x11 |
| 30:25 | Baluu · first_building Castle |
| 30:53 | Sop@11 · first_building Castle |
| 31:06 | SeventhDrip9 · first_market_sell 100 wood |
| 31:35 | LudwigWittgenstein · first_market_sell 100 wood |
| 31:38 | Justice · age_up castle |
| 31:42 | Friedrich der Teufelsjäger · age_up castle |
| 32:13 | Friedrich der Teufelsjäger · wall_segment Stone Wall x3 |
| 32:23 | LudwigWittgenstein · wall_segment Stone Wall x14 |
| 32:34 | Friedrich der Teufelsjäger · first_building Siege Workshop |
| 32:59 | LudwigWittgenstein · wall_segment Stone Wall x10 |
| 33:24 | LudwigWittgenstein · first_building Siege Workshop |
| 33:45 | SeventhDrip9 · first_building Barracks |
| 34:10 | Friedrich der Teufelsjäger · wall_segment Stone Wall x11 |
| 34:24 | Sop@11 · age_up imperial |
| 34:31 | SeventhDrip9 · first_building Archery Range |
| 34:45 | Friedrich der Teufelsjäger · first_building Monastery |
| 34:45 | SeventhDrip9 · first_building Siege Workshop |
| 35:02 | LudwigWittgenstein · age_up imperial |
| 35:21 | Justice · first_building Castle |
| 36:39 | SeventhDrip9 · first_building Stable |
| 37:23 | shadowfax · wall_segment Stone Wall x4 |
| 37:45 | LudwigWittgenstein · wall_segment Stone Wall x10 |
| 37:46 | shadowfax · wall_segment Stone Wall x8 |
| 38:40 | LudwigWittgenstein · wall_segment Stone Wall x11 |
| 41:08 | shadowfax · wall_segment Stone Wall x1 |
| 41:22 | shadowfax · wall_segment Stone Wall x1 |
| 45:26 | Justice · age_up imperial |
[ AI ANALYSIS · 1 CREDIT ]
What really happened in this match?
Wolo.gg analyzes every decision: build order, eco, micro, common mistakes by bracket. Personalized analysis on WhatsApp or Discord in 30 seconds.
Civ guide
Khitans
Map guide
Black Forest
Perfil
Jugador #21301874